 Dungeon Sprint DCSS version 0.31-a0-66-ge618eeaa78 (webtiles) character file.

Game seed: 18209557062551079208

1 sircluck the Ruffian (level 1, 0/22 HPs)
             Began as a Troll Berserker on May 22, 2023.
             Was a Follower of Trog.
             Slain by a chaos spawn (5 damage)
             ... in the Dungeon (Sprint VII: "The Pits").
             The game lasted 00:00:33 (43 turns).

sircluck the Ruffian (Troll Berserker)                Turns: 43, Time: 00:00:33

Health: 0/22       AC:  4    Str: 24    XL:     1   Next: 16%
Magic:  0/0        EV: 10    Int:  3    God:    Trog [*.....]
Gold:   0          SH:  0    Dex:  9    Spells: 0/0 levels left

rFire   . .          .
                       - Unarmed
rCold   . . .        (no shield)
rNeg    . . .        a - +0 animal skin
rPois   .            (helmet restricted)
rElec   .            (no cloak)
rCorr   .            (gloves unavailable)
SInv    .            (boots unavailable)
Will    .....        (no amulet)
Stlth   +            (no ring)
HPRegen 1.03/turn    (no ring)
MPRegen 0.07/turn

%: no teleportation
@: no status effects
A: large, unfitting armour, claws 3, regeneration 1, shaggy fur 1, tough skin 1
a: Renounce Religion, Berserk


You were in the Dungeon.
You worshipped Trog.
Trog was aware of your devotion.
You visited 1 branch

Inventory:

Armour
 a - a +0 animal skin (worn)
Scrolls
 g - a scroll of blinking
Potions
 c - a potion of heal wounds
 d - a potion of haste
 e - 2 potions of magic
 f - a potion of berserk rage


   Skills:
 + Level 2.6 Fighting
 + Level 2.6 Dodging
 + Level 3.2 Unarmed Combat


You couldn't memorise any spells.
You didn't know any spells.
Your spell library was empty.

Dungeon Overview and Level Annotations

Branches:
Dungeon (1/1)

Altars:


Innate Abilities, Weirdness & Mutations

You are too large for most types of armour.
You have claws for hands.
Your natural rate of healing is unusually fast.
You are covered in fur. (AC +1)
You have tough skin. (AC +1)


Message History

There is a huge open gate to the Metal Vault (Medium) here.
There is a huge open gate to the Metal Vault (Medium) here.
A swamp dragon comes into view.
The swamp dragon roars deafeningly!
The swamp dragon breathes poison at you.
You hear a faint skittering sound.
A chaos spawn comes into view.
You are engulfed in poison gas.
You are poisoned.
You feel very sick.
The chaos spawn shouts!
Unknown command.
You are engulfed in poison gas.
You are lethally poisoned!
* * * LOW HITPOINT WARNING * * *
You feel very sick.
The chaos spawn is engulfed in poison gas.
The chaos spawn is poisoned.
Unknown command.
* * * LOW HITPOINT WARNING * * *
You feel very sick.
The chaos spawn is engulfed in poison gas.
The chaos spawn looks even sicker.
There is a huge open gate to the Metal Vault (Medium) here.
Unknown command.
You feel better.
The chaos spawn is engulfed in poison gas.
The chaos spawn looks even sicker.
You barely miss the chaos spawn.
The chaos spawn is severely wounded.
The chaos spawn barely misses you.
You scratch the chaos spawn.
The chaos spawn is severely wounded.
The swamp dragon bites you but does no damage.
The swamp dragon claws you. The swamp dragon tramples you.
* * * LOW HITPOINT WARNING * * *
You hold your ground!
The chaos spawn closely misses you.
You scratch the chaos spawn but do no damage.
The chaos spawn is severely wounded.
The chaos spawn gores you.
You die...

#................#
#......#..#......#
#................+
+................+
#......#..#......#
#...†............#
####'#####''######
#.......##''#
#.......##@.#
#.......##D4#
#...<...##..#
#.......##..#
#.......##°.#
#.......##...
##########....
#...# #..##


You could see a swamp dragon and a chaos spawn (very poisoned).

Vanquished Creatures
  A giant cockroach (D)
1 creature vanquished.

Notes
Turn   | Place    | Note
-------+----------+-------------------------------------------
     0 | D        | sircluck the Troll Berserker began the quest for the Orb.
     0 | D        | Reached XP level 1. HP: 22/22 MP: 0/0
    35 | D        | Noticed a swamp dragon
    36 | D        | Noticed a chaos spawn
    43 | D        | Slain by a chaos spawn

Illustrated notes

Levels and vault maps discovered:
D:        pitsprint [storerooms_1, entrance_room_1, metal_vault_3, armoury_1,
          mini_pit_1, grid_room_1, main_hall_1, silver_pit, the_coven_3,
          the_vestibule_1, steel_vault_1, golden_pit, hallway_of_sentries,
          crystal_vault_2, iron_vault_2, final_vault]

Action                     || total
---------------------------++-------
  Melee: Unarmed           ||     6
    Use: Potion            ||     1
 Armour: Animal skin       ||     2
  Dodge: Dodged            ||     3

Table legend: (Time is in decaauts)
 A = Elapsed time spent in this place.
 B = Non-inter-level travel time spent in this place.
 C = Inter-level travel time spent in this place.
 D = Time resting spent in this place.
 E = Time spent auto-exploring this place.
 F = Levels seen in this place.
 G = Mean time per level.
                   A        B        C        D        E       F      G
               +--------+--------+--------+--------+--------+-----+--------+
         Total |     42 |     42 |      0 |      0 |     12 |   1 |   42.0 |
       Dungeon |     42 |     42 |      0 |      0 |     12 |   1 |   42.0 |
               +--------+--------+--------+--------+--------+-----+--------+

Top non-repeatable levels by time:
       D: 42 daAuts
